 Dungeon Crawl Stone Soup version 0.28-a0-1638-g9123634e07 (webtiles) character file.

Game seed: 16241116324994301265

33511 gruber the Blocker (level 13, -1/105 HPs)
             Began as a Gnoll Fighter on Jan 25, 2022.
             Was the Champion of Jiyva.
             Slain by a cane toad (9 damage)
             ... while petrified by a basilisk
             ... on level 3 of the Lair of Beasts.
             The game lasted 00:25:58 (11528 turns).

gruber the Blocker (Gnoll Fighter)                 Turns: 11528, Time: 00:25:59

Health: -1/105     AC:  7    Str: 12    XL:     13   Next: 71%
Magic:  34/34      EV:  2    Int: 11    God:    Jiyva [******]
Gold:   668        SH:  0    Dex: 17    Spells: 26/29 levels left

rFire   + . .      SeeInvis .   r - +7 hand axe "Ysif" {protect, rPois rC++ MP+9 Str-4}
rCold   + + +      Faith    .   c - +0 buckler
rNeg    + + +      Spirit   .   y - +0 troll leather armour
rPois   ∞          Reflect  .   (no helmet)
rElec   +          Harm     .   E - scarf {rC+ rF+}
rCorr   +          Rampage  .   b - +2 pair of gloves
Will    +....      Clarity  +   (no boots)
Stlth   ++++......              m - amulet of magic regeneration
HPRegen 2.67/turn               q - ring of willpower
MPRegen 1.14/turn               t - ring "Xarag" {rC+ Slay+3}

@: petrified, slowed
A: fangs 1, strong nose, distributed training, agile 2, clarity, electricity
resistance, wild magic 2, pseudopods 3, tendrils
a: Renounce Religion, Oozemancy, Slimify


You were on level 3 of the Lair of Beasts.
You worshipped Jiyva.
Jiyva was exalted by your worship.
You visited 3 branches of the dungeon, and saw 17 of its levels.
You also visited: Ice Cave.

You collected 901 gold pieces.
You spent 233 gold pieces at shops.

Inventory:

Hand Weapons
 r - the +7 hand axe "Ysif" (weapon) {protect, rPois rC++ MP+9 Str-4}
   (You bought it in a shop on level 6 of the Dungeon)

   It grants its wielder temporary protection when it strikes (+7 to AC).
   Str:       It affects your strength (-4).
   rC:        It greatly protects you from cold.
   rPois:     It protects you from poison.
   MP:        It affects your magic capacity (+9).
 x - a +2 scimitar of freezing
 A - the +4 long sword "Poasuv" {vorpal, Will+ SInv}
   (You found it on level 10 of the Dungeon)

   It inflicts extra damage upon your enemies.
   SInv:      It lets you see invisible.
   Will:      It increases your willpower.
 F - the +6 dagger of the Warrior-Mage {freeze, *Corrode Fly Str+4}
   (You found it in an ice cave)

   It freezes those it strikes, dealing additional cold damage.
   It can also slow down cold-blooded creatures.
   Str:       It affects your strength (+4).
   Fly:       It grants you flight.
   *Corrode:  It may corrode you when you take damage.
 G - a +2 eveningstar of freezing
Missiles
 k - 3 silver javelins (quivered)
Armour
 b - a +2 pair of gloves (worn)
 c - a +0 buckler (worn)
 y - a +0 troll leather armour (worn)
 E - a scarf of resistance (worn)
 I - the +3 robe of Yzxih {Stlth+}
   (You found it in an ice cave)

   Stlth:     It makes you more stealthy.
 J - the +1 ice dragon scales of the Sacrificial Victim {rF- rC++ Will+++ rCorr Str-2}
   (You found it in an ice cave)

   Str:       It affects your strength (-2).
   rF:        It makes you vulnerable to fire.
   rC:        It greatly protects you from cold.
   rCorr:     It protects you from acid and corrosion.
   Will:      It greatly increases your willpower.
Jewellery
 m - an amulet of magic regeneration (around neck)
 q - a ring of willpower (left hand)
 t - the ring "Xarag" (right hand) {rC+ Slay+3}
   (You found it on level 7 of the Dungeon)

   [ring of protection from cold]

   Slay:      It affects your accuracy & damage with ranged weapons and melee
   (+3).
   rC:        It protects you from cold.
 w - a ring of poison resistance
 B - the ring "Ykluot" {Fly rPois}
   (You found it on level 11 of the Dungeon)

   [ring of flight]

   rPois:     It protects you from poison.
   Fly:       It grants you flight.
 H - the ring of Secrets {Ice *Corrode rPois Str-3 Stlth+}
   (You found it in an ice cave)

   [ring of ice]

   It enhances your ice magic.
   Str:       It affects your strength (-3).
   rF:        It makes you vulnerable to fire.
   rC:        It protects you from cold.
   rPois:     It protects you from poison.
   *Corrode:  It may corrode you when you take damage.
   Stlth:     It makes you more stealthy.
 M - a ring of positive energy
Wands
 a - a wand of flame (13)
 f - a wand of paralysis (11)
 j - a wand of acid (12)
 s - a wand of iceblast (17)
Scrolls
 d - 2 scrolls of fog {unknown}
 e - 6 scrolls of identify {unknown}
 i - 4 scrolls of vulnerability {unknown}
 n - 3 scrolls of teleportation {unknown}
 p - a scroll of fear {unknown}
 v - 2 scrolls of silence {unknown}
 C - a scroll of torment {unknown}
 D - a scroll of summoning {unknown}
Potions
 g - 4 potions of brilliance
 h - 3 potions of curing {unknown}
 l - 3 potions of haste {unknown}
 o - a potion of berserk rage {unknown}
 u - 4 potions of heal wounds {unknown}
 z - a potion of lignification {unknown}
 K - a potion of flight {unknown}
 L - a potion of magic {unknown}


   Skills:
 + Level 10.8 Fighting
 + Level 8.5 Short Blades
 + Level 9.7 Long Blades
 + Level 8.5 Axes
 + Level 8.5 Maces & Flails
 + Level 8.5 Polearms
 + Level 8.5 Staves
 + Level 8.5 Slings
 + Level 8.5 Bows
 + Level 8.5 Crossbows
 + Level 8.5 Throwing
 + Level 10.8 Armour
 + Level 8.5 Dodging
 + Level 8.5 Stealth
 + Level 10.8 Shields
 + Level 8.5 Unarmed Combat
 + Level 8.5 Spellcasting
 + Level 7.1 Conjurations
 + Level 7.1 Hexes
 + Level 7.1 Summonings
 + Level 7.1 Necromancy
 + Level 7.1 Translocations
 + Level 7.1 Transmutations
 + Level 7.1 Fire Magic
 + Level 7.1 Ice Magic
 + Level 7.1 Air Magic
 + Level 7.1 Earth Magic
 + Level 7.1 Poison Magic
 + Level 9.3 Invocations
 + Level 8.5 Evocations


You had 26 spell levels left.
You knew the following spells:

 Your Spells              Type           Power      Damage    Failure   Level
a - Mephitic Cloud        Conj/Pois/Air  32%        N/A       10%         3

Your spell library contained the following spells:

 Spells                   Type           Power      Damage    Failure   Level
 Magic Dart               Conj           100%       1d8       4%          1
 Pain                     Necr           100%       1d9       4%          1
 Call Imp                 Summ           32%        N/A       6%          2
 Corpse Rot               Necr/Air       64%        N/A       6%          2
 Call Canine Familiar     Summ           32%        N/A       10%         3
 Gell's Gravitas          Tloc           32%        N/A       10%         3
 Lesser Beckoning         Tloc           32%        N/A       10%         3
 Portal Projectile        Hex/Tloc       64%        N/A       10%         3
 Teleport Other           Tloc           32%        N/A       10%         3
 Animate Dead             Necr           16%        N/A       24%         4
 Leda's Liquefaction      Hex/Erth       16%        N/A       24%         4
 Petrify                  Tmut/Erth      32%        N/A       24%         4
 Sticky Flame             Conj/Fire      32%        2d5       24%         4
 Agony                    Necr           32%        N/A       50%         5
 Excruciating Wounds      Necr           16%        N/A       50%         5
 Metabolic Englaciation   Hex/Ice        16%        N/A       50%         5
 Statue Form              Tmut/Erth      21%        N/A       95%         6
 Chain Lightning          Conj/Air       16%        3d21      100%        9


Dungeon Overview and Level Annotations

Branches:
Dungeon (13/15)            Temple (0/1) D:6            Lair (3/6) D:8
    Orc (1/2) D:12         Vaults (0/5) D:13          IceCv (visited)
  Swamp: Lair:2-4    Shoals: Lair:2-4     Snake: Lair:2-4    Spider: Lair:2-4

Altars:
Trog
Beogh
Jiyva

Shops:
D:2 (   D:3 (   D:4 *   D:5 =:   D:6 *   D:7 ?   D:8 (   D:9 *   D:11 *


Innate Abilities, Weirdness & Mutations

You have very sharp teeth.
Your uncanny sense of smell can sniff out nearby items.
Your experience applies equally to all skills.
You are very agile. (Dex +4)
You possess an exceptional clarity of mind.
You are resistant to electric shocks. (rElec)
Your spells are harder to cast, but more powerful.
Armour fits poorly on your massive pseudopods.
You are covered in slimy tendrils that may disarm your opponents.


Message History

The fungus is lightly damaged.
You slash the basilisk!
Your weapon exudes an aura of protection.
You slash the wolf! You closely miss the wolf.
You hear a howl!
The wolf completely misses you. You block the wolf's attack. x2
The wolf bites you but does no damage. x2
The basilisk hisses menacingly.
The basilisk closely misses you. The wolf barely misses you.
A yak comes into view.
You have turned to stone.
The wolf bites you but does no damage. x2
The basilisk bites you but does no damage.
The wolf bites you. The wolf bites you but does no damage. The wolf bites you!
The wolf bites you but does no damage. The wolf bites you.
A nearby fungus withers and dies.
The wolf bites you but does no damage. x3
The blink frog blinks!
The komodo dragon completely misses you.
The wolf bites you but does no damage. The wolf bites you. x3
The komodo dragon bites you but does no damage.
The wolf bites you. The wolf bites you but does no damage.
The wolf bites you. x2
The wolf bites you but does no damage. The wolf bites you!
The blink frog blinks!
The komodo dragon bites you! The cane toad barely misses you.
The wolf bites you.
The wolf bites you. x2; The wolf bites you!
The cane toad stings you!! The komodo dragon bites you!!
The wolf pauses to sniff the ground.
The yak bellows!
The wolf bites you. x2; The cane toad stings you!!
* * * LOW HITPOINT WARNING * * *
The komodo dragon bites you!!
* * * LOW HITPOINT WARNING * * *
The wolf bites you but does no damage. The wolf bites you but does no damage.
The cane toad stings you but does no damage.
A wolf comes into view.
The komodo dragon bites you!!
* * * LOW HITPOINT WARNING * * *
The wolf bites you but does no damage. The cane toad stings you!!
You die...

### #.# ##### #.# ##.#.#
### ##### # ..###.#.##
#l##F#..#.# #........##
#@FlY.....# .#........###
#whY......#
.♣..........####hhY.......
..............##Sh††......
...♣♣..........#...†......
.....♣..........Y.........
.....♣♣...............h...
...............P.[........
...............#..........


You could see a torpor snail, a komodo dragon, 4 yaks, a cane toad, a basilisk,
a blink frog, a water moccasin and 5 wolves.

Vanquished Creatures
  Fannar (Lair:2)
  Erolcha (D:9)
  2 vault guards (D:13)
  2 hydras
  A boulder beetle (D:13)
  4 two-headed ogres
  2 centaur warriors (D:13)
  Nergalle (D:11)
  A deep elf pyromancer (D:13)
  A cyclops (D:12)
  2 ice statues (IceCv)
  2 black mambas
  3 cane toads
  A gargoyle (D:13)
  A kobold demonologist (D:12)
  5 komodo dragons
  4 rime drakes
  5 entropy weaver simulacra (IceCv)
  6 trolls
  A hornet (D:8)
  6 blink frogs
  Grinder (D:5)
  2 vampires
  Sigmund (D:2)
  A wyvern (Lair:2)
  29 yaks
  2 basilisks
  5 vampire mosquitoes
  A warg (Orc:1)
  2 water moccasins (Lair:1)
  An acid dragon (D:6)
  An ugly thing simulacrum (IceCv)
  7 orc warriors
  2 black bears
  An ice beast (D:6)
  2 sky beasts
  41 wolves
  An ogre (Orc:1)
  10 centaurs
  A phantom (D:4)
  A kobold brigand (D:8)
  4 bullfrogs
  4 glowing shapeshifter simulacra (IceCv)
  2 gnoll sergeants
  2 scorpions
  6 killer bees (D:9)
  12 wights
  2 howler monkeys (D:10)
  3 electric eels (D:8)
  3 centaur zombies
  A bullfrog zombie (D:6)
  2 hounds (D:8)
  4 orc priests
  A centaur skeleton (D:6)
  2 gnoll shamans
  4 iguanas
  17 orc wizards
  2 killer bee zombies
  A hound skeleton (D:4)
  A howler monkey zombie (D:10)
  26 gnolls
  11 adders
  A shadow imp (D:7)
  3 ufetubi
  A worm (D:3)
  2 dart slugs
  44 orcs
  An endoplasm (D:1)
  A giant cockroach (D:4)
  4 goblins
  4 hobgoblins
  4 kobolds
  4 quokkas
  7 ball pythons
  4 bats
  7 rats
361 creatures vanquished.

Vanquished Creatures (collateral kills)
  An orc knight (D:10)
  A warg (D:10)
  2 orc warriors (D:10)
4 creatures vanquished.

Vanquished Creatures (others)
  An azure jelly (IceCv)
  A boulder beetle (D:12)
  A cane toad (Lair:2)
  An unseen horror (D:12)
  2 entropy weaver simulacra (IceCv)
  11 slime creatures
  A hornet (D:7)
  A wraith (D:13)
  4 yaks
  A demonic crawler simulacrum (IceCv)
  A water moccasin (Lair:2)
  An ugly thing simulacrum (IceCv)
  A bullfrog (Lair:2)
  33 jellies
  An orc priest (D:12)
  3 orc wizards
  A howler monkey zombie (D:10)
  4 adders
  A gnoll (D:6)
  A worm (D:3)
  8 orcs
  A giant cockroach (D:2)
  A goblin (D:2)
  3 hobgoblins
  A jackal (D:2)
  A ball python (D:2)
  A frilled lizard (D:3)
  2 rats
  29 fungi
  34 plants
152 creatures vanquished.

Grand Total: 517 creatures vanquished

Notes
Turn   | Place    | Note
-------+----------+-------------------------------------------
     0 | D:1      | gruber the Gnoll Fighter began the quest for the Orb.
     0 | D:1      | Reached XP level 1. HP: 23/23 MP: 1/1
   123 | D:1      | Found a faded altar of an unknown god.
   127 | D:1      | Reached XP level 2. HP: 29/29 MP: 2/2
   127 | D:1      | Noticed a great orb of eyes
   128 | D:1      | Noticed a great orb of eyes
   128 | D:1      | Noticed a great orb of eyes
   128 | D:1      | Noticed a shining eye
   288 | D:1      | Prayed at the altar of an unknown god.
   288 | D:1      | Became a worshipper of Jiyva Juon the Shapeless
   288 | D:1      | Reached * piety under Jiyva
   501 | D:1      | Reached ** piety under Jiyva
   914 | D:2      | Reached XP level 3. HP: 35/35 MP: 3/3
   932 | D:2      | Found Foter's Weapon Shoppe.
   952 | D:2      | Noticed Sigmund
   958 | D:2      | Killed Sigmund
   959 | D:2      | Reached skill level 1 in Short Blades
   959 | D:2      | Reached skill level 1 in Axes
   959 | D:2      | Reached skill level 1 in Maces & Flails
   959 | D:2      | Reached skill level 1 in Polearms
   959 | D:2      | Reached skill level 1 in Staves
   959 | D:2      | Reached skill level 1 in Slings
   959 | D:2      | Reached skill level 1 in Bows
   959 | D:2      | Reached skill level 1 in Crossbows
   959 | D:2      | Reached skill level 1 in Throwing
   959 | D:2      | Reached skill level 1 in Dodging
   959 | D:2      | Reached skill level 1 in Stealth
   959 | D:2      | Reached skill level 1 in Unarmed Combat
   959 | D:2      | Reached skill level 1 in Spellcasting
   959 | D:2      | Reached skill level 1 in Conjurations
   959 | D:2      | Reached skill level 1 in Hexes
   959 | D:2      | Reached skill level 1 in Summonings
   959 | D:2      | Reached skill level 1 in Necromancy
   959 | D:2      | Reached skill level 1 in Translocations
   959 | D:2      | Reached skill level 1 in Transmutations
   959 | D:2      | Reached skill level 1 in Fire Magic
   959 | D:2      | Reached skill level 1 in Ice Magic
   959 | D:2      | Reached skill level 1 in Air Magic
   959 | D:2      | Reached skill level 1 in Earth Magic
   959 | D:2      | Reached skill level 1 in Poison Magic
   959 | D:2      | Reached skill level 1 in Invocations
   959 | D:2      | Reached skill level 1 in Evocations
   959 | D:2      | Reached XP level 4. HP: 41/41 MP: 3/6
   959 | D:2      | Reached XP level 5. HP: 47/47 MP: 3/7
  1301 | D:3      | Got Sif Muna's Tome of Hurtful Darkness
  1368 | D:3      | Reached *** piety under Jiyva
  1399 | D:3      | Found Vejin's Antique Weapon Emporium.
  1430 | D:3      | Reached XP level 6. HP: 49/53 MP: 8/8
  1655 | D:3      | Gained mutation: You are strong-willed. (Will+) [Jiyva's
                  | grace]
  1655 | D:3      | Gained mutation: You are highly strong-willed. (Will++)
                  | [Jiyva's grace]
  1655 | D:3      | Gained mutation: You are extremely strong-willed. (Will+++)
                  | [Jiyva's grace]
  1655 | D:3      | Gained mutation: You have acidic saliva. [Jiyva's grace]
  1938 | D:4      | Reached skill level 5 in Long Blades
  2054 | D:4      | Found Femm's Gadget Gallery.
  2074 | D:4      | Reached **** piety under Jiyva
  2095 | D:4      | Noticed a black bear
  2107 | D:4      | Killed a black bear
  2108 | D:4      | Reached XP level 7. HP: 57/59 MP: 8/10
  2488 | D:5      | Entered Level 5 of the Dungeon
  2623 | D:5      | Found Bistotoz's One-of-a-Kind Rings.
  2761 | D:5      | Noticed Grinder
  2796 | D:5      | Reached XP level 8. HP: 25/67 MP: 12/12
  2809 | D:5      | Killed Grinder
  2922 | D:5      | Found Mapteefe's Book Emporium.
  3068 | D:6      | Reached XP level 9. HP: 33/72 MP: 14/14
  3144 | D:6      | Found Reampiana's Assorted Antiques.
  3176 | D:6      | Bought a fine hand axe for 184 gold pieces
  3176 | D:6      | Identified the +7 hand axe "Ysif" {protect, rPois rC++ MP+9
                  | Str-4} (You bought it in a shop on level 6 of the Dungeon)
  3181 | D:6      | Learned a level 3 spell: Mephitic Cloud
  3381 | D:6      | Found a staircase to the Ecumenical Temple.
  3707 | D:7      | Identified the ring "Xarag" {rC+ Slay+3}
  3928 | D:7      | Reached skill level 5 in Invocations
  3957 | D:7      | You fall into a shaft and drop 1 floor!
  3976 | D:8      | Reached XP level 10. HP: 53/80 MP: 17/17
  4097 | D:7      | Found Feleivo's Magic Scroll Boutique.
  4402 | D:8      | Lost mutation: You are extremely strong-willed. (Will+++)
                  | [Jiyva's grace]
  4402 | D:8      | Gained mutation: You are covered in slimy tendrils that may
                  | disarm your opponents. [Jiyva's grace]
  4402 | D:8      | Gained mutation: You are agile. (Dex +2) [Jiyva's grace]
  4402 | D:8      | Gained mutation: You are very agile. (Dex +4) [Jiyva's
                  | grace]
  4402 | D:8      | Gained mutation: Your body has grown eyes which may confuse
                  | attackers. (Acc +3) [Jiyva's grace]
  4421 | D:8      | Found Dugoaruc's Weapon Boutique.
  4501 | D:8      | Reached skill level 5 in Short Blades
  4501 | D:8      | Reached skill level 5 in Axes
  4501 | D:8      | Reached skill level 5 in Maces & Flails
  4501 | D:8      | Reached skill level 5 in Polearms
  4501 | D:8      | Reached skill level 5 in Staves
  4501 | D:8      | Reached skill level 5 in Slings
  4501 | D:8      | Reached skill level 5 in Bows
  4501 | D:8      | Reached skill level 5 in Crossbows
  4501 | D:8      | Reached skill level 5 in Throwing
  4501 | D:8      | Reached skill level 5 in Dodging
  4501 | D:8      | Reached skill level 5 in Stealth
  4501 | D:8      | Reached skill level 5 in Unarmed Combat
  4501 | D:8      | Reached skill level 5 in Spellcasting
  4501 | D:8      | Reached skill level 5 in Evocations
  4582 | D:8      | Paralysed by a hornet for 1 turns
  4647 | D:8      | Reached ***** piety under Jiyva
  4732 | D:8      | Found a staircase to the Lair.
  5309 | D:9      | Noticed Erolcha
  5334 | D:9      | Killed Erolcha
  5685 | D:9      | Reached XP level 11. HP: 62/87 MP: 19/19
  5990 | D:9      | Noticed a two-headed ogre
  5992 | D:9      | Found Oluttash's CLEARANCE SALE!.
  6009 | D:9      | Killed a two-headed ogre
  6010 | D:9      | Reached skill level 5 in Conjurations
  6010 | D:9      | Reached skill level 5 in Hexes
  6010 | D:9      | Reached skill level 5 in Summonings
  6010 | D:9      | Reached skill level 5 in Necromancy
  6010 | D:9      | Reached skill level 5 in Translocations
  6010 | D:9      | Reached skill level 5 in Transmutations
  6010 | D:9      | Reached skill level 5 in Fire Magic
  6010 | D:9      | Reached skill level 5 in Ice Magic
  6010 | D:9      | Reached skill level 5 in Air Magic
  6010 | D:9      | Reached skill level 5 in Earth Magic
  6010 | D:9      | Reached skill level 5 in Poison Magic
  6014 | D:9      | Bought a +2 pair of gloves for 49 gold pieces
  6282 | D:10     | Entered Level 10 of the Dungeon
  6418 | D:10     | Lost mutation: You are highly strong-willed. (Will++)
                  | [Jiyva's grace]
  6418 | D:10     | Lost mutation: Your body has grown eyes which may confuse
                  | attackers. (Acc +3) [Jiyva's grace]
  6418 | D:10     | Lost mutation: You are covered in slimy tendrils that may
                  | disarm your opponents. [Jiyva's grace]
  6418 | D:10     | Gained mutation: Your spells are a little harder to cast,
                  | but a little more powerful. [Jiyva's grace]
  6418 | D:10     | Gained mutation: Your spells are harder to cast, but more
                  | powerful. [Jiyva's grace]
  6418 | D:10     | Gained mutation: Your spells are much harder to cast, but
                  | much more powerful. [Jiyva's grace]
  6418 | D:10     | Gained mutation: You have a somewhat thin skeletal
                  | structure. (Dex +2, Stealth+) [Jiyva's grace]
  6433 | D:10     | Reached ****** piety under Jiyva
  6525 | D:10     | Identified the +4 long sword "Poasuv" {vorpal, Will+ SInv}
  6630 | D:10     | Found a bloodstained altar of Trog.
  6765 | D:10     | Noticed an orc knight
  6785 | D:10     | Killed an orc knight
  7133 | D:11     | Found Giqam's Assorted Antiques.
  7227 | D:11     | Noticed Nergalle
  7243 | D:11     | Killed Nergalle
  7439 | D:11     | Identified the ring "Ykluot" {Fly rPois}
  7794 | D:12     | Noticed a four-headed hydra
  7807 | D:12     | Slimified a four-headed hydra
  7807 | D:12     | a four-headed hydra changed into a slime creature
  7842 | D:12     | Noticed a cyclops
  7843 | D:12     | Noticed a boulder beetle
  7880 | D:12     | Killed a cyclops
  7967 | D:12     | Noticed a five-headed hydra
  7981 | D:12     | Killed an eight-headed hydra
  7982 | D:12     | Reached XP level 12. HP: 26/96 MP: 22/22
  8036 | D:12     | Found a staircase to the Orcish Mines.
  8087 | D:12     | Noticed a two-headed ogre
  8100 | D:12     | Killed a two-headed ogre
  8210 | D:12     | Killed a boulder beetle
  8310 | D:13     | Noticed a boulder beetle
  8328 | D:13     | Killed a boulder beetle
  8391 | D:13     | Noticed a centaur warrior
  8407 | D:13     | Killed a centaur warrior
  8450 | D:13     | Found a gate to the Vaults.
  8450 | D:13     | Noticed a centaur warrior
  8450 | D:13     | Noticed a centaur warrior
  8450 | D:13     | Noticed a centaur warrior
  8450 | D:13     | Noticed a vault guard
  8450 | D:13     | Noticed a vault guard
  8450 | D:13     | Noticed a vault guard
  8450 | D:13     | Noticed a vault guard
  8450 | D:13     | Noticed a four-headed hydra
  8450 | D:13     | Noticed a catoblepas
  8509 | D:13     | Noticed a two-headed ogre
  8521 | D:13     | Killed a two-headed ogre
  8560 | D:13     | Killed a vault guard
  8567 | D:13     | Killed a vault guard
  8568 | D:13     | Reached skill level 10 in Fighting
  8568 | D:13     | Reached skill level 10 in Armour
  8568 | D:13     | Reached skill level 10 in Shields
  8570 | D:13     | Killed a centaur warrior
  8631 | Orc:1    | Entered Level 1 of the Orcish Mines
  8631 | Orc:1    | Noticed a two-headed ogre
  8641 | Orc:1    | Killed a two-headed ogre
  8710 | Orc:1    | Found a frozen archway.
  8718 | IceCv    | Entered an ice cave
  8809 | IceCv    | Got the +6 dagger of the Warrior-Mage {freeze, *Corrode Fly
                  | Str+4}
  8851 | IceCv    | Noticed an azure jelly
  8887 | IceCv    | Noticed an azure jelly
  8893 | IceCv    | Found a viscous altar of Jiyva.
  8906 | IceCv    | Got the ring of Secrets {Ice *Corrode rPois Str-3 Stlth+}
  8908 | IceCv    | Identified the +3 robe of Yzxih {Stlth+}
  8914 | IceCv    | Identified the +1 ice dragon scales of the Sacrificial
                  | Victim {rF- rC++ Will+++ rCorr Str-2}
  8924 | IceCv    | Killed an azure jelly
  8997 | IceCv    | Reached XP level 13. HP: 103/103 MP: 24/24
  9375 | Lair:1   | Entered Level 1 of the Lair of Beasts
  9742 | Lair:1   | Lost mutation: You have a somewhat thin skeletal structure.
                  | (Dex +2, Stealth+) [Jiyva's grace]
  9742 | Lair:1   | Lost mutation: You are very agile. (Dex +4) [Jiyva's grace]
  9742 | Lair:1   | Lost mutation: You are agile. (Dex +2) [Jiyva's grace]
  9742 | Lair:1   | Lost mutation: Your spells are much harder to cast, but
                  | much more powerful. [Jiyva's grace]
  9742 | Lair:1   | Lost mutation: You have acidic saliva. [Jiyva's grace]
  9742 | Lair:1   | Gained mutation: You are resistant to electric shocks.
                  | (rElec) [Jiyva's grace]
  9742 | Lair:1   | Gained mutation: You are agile. (Dex +2) [Jiyva's grace]
  9742 | Lair:1   | Gained mutation: You are very agile. (Dex +4) [Jiyva's
                  | grace]
  9742 | Lair:1   | Gained mutation: You are covered in slimy tendrils that may
                  | disarm your opponents. [Jiyva's grace]
  9912 | Lair:1   | Noticed an azure jelly
  9912 | Lair:1   | a six-headed hydra changed into an azure jelly
 10531 | Lair:2   | Noticed Fannar
 10571 | Lair:2   | Killed Fannar
 10706 | Lair:2   | Lost mutation: You are strong-willed. (Will+) [Jiyva's
                  | grace]
 10706 | Lair:2   | Gained mutation: Armour fits poorly on your pseudopods.
                  | [Jiyva's grace]
 10706 | Lair:2   | Gained mutation: Armour fits poorly on your large
                  | pseudopods. [Jiyva's grace]
 10706 | Lair:2   | Gained mutation: Armour fits poorly on your massive
                  | pseudopods. [Jiyva's grace]
 10706 | Lair:2   | Gained mutation: You possess an exceptional clarity of
                  | mind. [Jiyva's grace]
 11528 | Lair:3   | Slain by a cane toad

Illustrated notes

Levels and vault maps discovered:
D:1:      minmay_arrival_four_houses, layout_basic,
          hellmonk_ecumenical_altar_watching_god
D:2:      layout_basic, serial_shops, shop, minmay_quantized, uniq_sigmund
D:3:      layout_loops_ring, serial_shops, nicolae_shop_hallway_stairs
D:4:      layout_basic, nicolae_shop_gadgets
D:5:      layout_rooms, serial_shops, nicolae_diamond_shop,
          nicolae_shop_unique_rings, uniq_grinder
D:6:      layout_basic, minmay_temple_entry_grid, serial_shops,
          nicolae_shop_waterfront
D:7:      layout_basic, serial_shops, nicolae_shop_waterfront
D:8:      layout_loops_corners, erik_lair_island, serial_shops,
          nicolae_lakefront_shop, serial_bayou_ford_a
D:9:      layout_basic, nicolae_shop_clearance, uniq_erolcha
D:10:     layout_roguey, old_standard_altar
D:11:     layout_loops_ring, serial_shops, nicolae_shop_advertising_works
          [nicolae_subvault_shop_adworks], uniq_nergalle
D:12:     layout_roguey, orc_0_dummy
D:13:     layout_long_grid, lightli_vaults_fourway_checkpoint,
          gauntlet_entry_generic
Lair:1:   layout_gridlike, grunt_megastairs_3
Lair:2:   layout_long_grid, beast_lair_carwin_7, uniq_fannar
Lair:3:   layout_cave_pods, minmay_shoals_entry_lonely_mermaid,
          grunt_forest_large_clearings
Orc:1:    layout_caves, basic_altar, portal_ice_cave_rime

Skill      XL: |  1  2  3  4  5  6  7  8  9 10 11 12 13 |
---------------+----------------------------------------+-----
Short Blades   | 1 2 3 4 5 6 7 8 |  8.5
Axes           | 1 2 3 4 5 6 7 8 |  8.5
Maces & Flails | 1 2 3 4 5 6 7 8 |  8.5
Polearms       | 1 2 3 4 5 6 7 8 |  8.5
Staves         | 1 2 3 4 5 6 7 8 |  8.5
Slings         | 1 2 3 4 5 6 7 8 |  8.5
Bows           | 1 2 3 4 5 6 7 8 |  8.5
Crossbows      | 1 2 3 4 5 6 7 8 |  8.5
Throwing       | 1 2 3 4 5 6 7 8 |  8.5
Dodging        | 1 2 3 4 5 6 7 8 |  8.5
Stealth        | 1 2 3 4 5 6 7 8 |  8.5
Unarmed Combat | 1 2 3 4 5 6 7 8 |  8.5
Spellcasting   | 1 2 3 4 5 6 7 8 |  8.5
Conjurations   | 1 2 3 4 5 6 7 |  7.1
Hexes          | 1 2 3 4 5 6 7 |  7.1
Summonings     | 1 2 3 4 5 6 7 |  7.1
Necromancy     | 1 2 3 4 5 6 7 |  7.1
Translocations | 1 2 3 4 5 6 7 |  7.1
Transmutations | 1 2 3 4 5 6 7 |  7.1
Fire Magic     | 1 2 3 4 5 6 7 |  7.1
Ice Magic      | 1 2 3 4 5 6 7 |  7.1
Air Magic      | 1 2 3 4 5 6 7 |  7.1
Earth Magic    | 1 2 3 4 5 6 7 |  7.1
Poison Magic   | 1 2 3 4 5 6 7 |  7.1
Invocations    | 1 2 3 4 5 6 7 8 9 |  9.3
Evocations     | 1 2 3 4 5 6 7 8 |  8.5
Long Blades    | 5 6 7 8 9 |  9.7
Fighting       | 7 8 9 10 | 10.8
Armour         | 7 8 9 10 | 10.8
Shields        | 7 8 9 10 | 10.8

Action                   |  1- 3 |  4- 6 |  7- 9 | 10-12 | 13-15 || total
-------------------------+-------+-------+-------+-------+-------++-------
Melee: Long sword        |    59 |    88 |   151 |       |       ||   298
       Bite              |     3 |     8 |    37 |    95 |    50 ||   193
       Hand axe          |       |       |   143 |   677 |   340 ||  1160
       Pseudopods        |       |       |       |       |    31 ||    31
Throw: Javelin           |       |       |       |     1 |       ||     1
 Cast: Mephitic Cloud    |       |       |       |     2 |       ||     2
Invok: Oozemancy         |       |     1 |     2 |     4 |     1 ||     8
       Slimify           |       |       |       |     1 |     1 ||     2
Evoke: Wand              |       |       |       |     4 |     2 ||     6
  Use: Potion            |     1 |       |       |     1 |       ||     2
 Stab: Confused          |       |       |       |     7 |       ||     7
       Sleeping          |       |       |       |     8 |     4 ||    12
       Distracted        |       |       |       |     3 |     1 ||     4
Armor: Scale mail        |    19 |    30 |   177 |    72 |       ||   298
       Troll leather arm |       |       |       |   213 |   136 ||   349
Dodge: Dodged            |    26 |    36 |   162 |   405 |   350 ||   979
Block: Buckler           |    14 |    23 |    99 |   219 |   155 ||   510

Table legend: (Time is in decaauts)
 A = Elapsed time spent in this place.
 B = Non-inter-level travel time spent in this place.
 C = Inter-level travel time spent in this place.
 D = Time resting spent in this place.
 E = Time spent auto-exploring this place.
 F = Levels seen in this place.
 G = Mean time per level.
                   A        B        C        D        E       F      G
               +--------+--------+--------+--------+--------+-----+--------+
         Total |  11599 |  10877 |    722 |    222 |   7646 |  18 |  644.4 |
       Dungeon |   8993 |   8329 |    664 |    222 |   5974 |  13 |  691.8 |
          Lair |   1993 |   1958 |     35 |      0 |   1446 |   3 |  664.3 |
  Orcish Mines |    306 |    283 |     23 |      0 |    185 |   1 |  306.0 |
      Ice Cave |    306 |    306 |      0 |      0 |     41 |   1 |  306.0 |
               +--------+--------+--------+--------+--------+-----+--------+

Top non-repeatable levels by time:
     D:8: 1308 daAuts
     D:9: 1078 daAuts
     D:1: 889 daAuts
  Lair:2: 848 daAuts
    D:11: 747 daAuts
    D:10: 715 daAuts
  Lair:1: 714 daAuts
     D:3: 679 daAuts
    D:12: 657 daAuts
     D:6: 632 daAuts
     D:4: 540 daAuts
     D:5: 524 daAuts
     D:7: 507 daAuts
  Lair:3: 430 daAuts
     D:2: 416 daAuts
